 Dungeon Crawl Stone Soup version 0.28-a0-1404-g4df0f3684d (webtiles) character file.

Game seed: 12771996481569312893

683 porpoise the Insei (level 7, -3/56 HPs)
             Began as a Demonspawn Transmuter on Jan 6, 2022.
             Was an Initiate of Nemelex Xobeh.
             Slain by a centaur warrior zombie (6 damage)
             ... on level 5 of the Dungeon.
             The game lasted 00:16:32 (6654 turns).

porpoise the Insei (Demonspawn Transmuter)          Turns: 6654, Time: 00:16:33

Health: -3/56      AC:  3    Str: 12    XL:     7   Next: 35%
Magic:  10/10      EV: 12    Int: 15    God:    Nemelex Xobeh [......]
Gold:   173        SH:  0    Dex: 13    Spells: 7/10 levels left

rFire   . . .      SeeInvis .     - Unarmed
rCold   . . .      Faith    .   (no shield)
rNeg    . . .      Spirit   .   k - +0 robe
rPois   .          Reflect  .   (helmet restricted)
rElec   .          Harm     .   f - +0 cloak
rCorr   .          Rampage  .   (no gloves)
Will    .....                   (no boots)
Stlth   ++........              (no amulet)
HPRegen 0.18/turn               (no ring)
MPRegen 0.12/turn               (no ring)

@: hasted, very quick
A: horns 2, foul stench 1
a: Renounce Religion, Draw Escape, Draw Destruction, Draw Summoning


You were on level 5 of the Dungeon.
You worshipped Nemelex Xobeh.
Nemelex Xobeh was noncommittal.
You visited 2 branches of the dungeon, and saw 6 of its levels.

You collected 173 gold pieces.

Inventory:

Missiles
 b - 43 arrows
 d - 168 stones (quivered)
 o - 18 bolts
 q - 27 poisoned darts
 u - 17 sling bullets
Armour
 f - a +0 cloak (worn)
 k - a +0 robe (worn)
Magical Staves
 a - a staff of death
Wands
 g - a wand of charming (1)
 r - a wand of polymorph (4)
 s - a wand of iceblast (10)
Scrolls
 c - 2 scrolls of blinking {unknown}
 h - a scroll of teleportation {unknown}
 l - a scroll of amnesia {unknown}
 m - a scroll of vulnerability {unknown}
 n - a scroll of silence {unknown}
 p - a scroll of noise {unknown}
 t - a scroll of enchant weapon {unknown}
Potions
 e - a potion of cancellation
 i - a potion of lignification
 j - a potion of magic
 v - 2 potions of haste


   Skills:
 * Level 5.5 Fighting
 - Level 1.7 Dodging
 - Level 1.5 Stealth
 * Level 5.7 Unarmed Combat
 - Level 2.0 Spellcasting
 - Level 1.7 Transmutations
 + Level 0.3 Invocations


You had 7 spell levels left.
You knew the following spells:

 Your Spells              Type           Power      Damage    Failure   Level
a - Beastly Appendage     Tmut           12%        N/A       11%         1
w - Wereblood             Tmut           6%         N/A       16%         2

Your spell library contained the following spells:

 Spells                   Type           Power      Damage    Failure   Level
 Apportation              Tloc           2%         N/A       22%         1
 Summon Small Mammal      Summ           4%         N/A       22%         1
 Spider Form              Tmut/Pois      4%         N/A       43%         3
 Call Canine Familiar     Summ           1%         N/A       54%         3
 Ozocubu's Armour         Ice            1%         N/A       54%         3
 Summon Guardian Golem    Hex/Summ       1%         N/A       54%         3
 Ice Form                 Ice/Tmut       4%         N/A       83%         4
 Alistair's Intoxication  Tmut/Pois      2%         N/A       99%         5
 Metabolic Englaciation   Hex/Ice        0%         N/A       99%         5
 Simulacrum               Ice/Necr       0%         N/A       100%        6


Dungeon Overview and Level Annotations

Branches:
Dungeon (5/15)             Temple (1/1) D:5

Altars:
Ashenzari
Cheibriados
Fedhas
Gozag
Hepliaklqana
Kikubaaqudgha
Nemelex Xobeh
Qazlal
Ru
Sif Muna
Uskayaw
Vehumet
Wu Jian
Xom
Yredelemnul
Zin
The Shining One


Innate Abilities, Weirdness & Mutations

You have a pair of horns on your head.
You may rarely emit foul miasma when damaged in melee.


Message History

You hit the centaur warrior zombie but do no damage.
You claw the centaur warrior zombie, but do no damage.
The centaur warrior zombie is heavily damaged.
The centaur warrior zombie hits you.
The centaur warrior zombie closely misses you.
You barely miss the centaur warrior zombie.
You claw the centaur warrior zombie.
You headbutt the centaur warrior zombie.
The centaur warrior zombie is heavily damaged.
The centaur warrior zombie hits you.
The centaur warrior zombie kicks you but does no damage.
You hit the centaur warrior zombie. You claw the centaur warrior zombie.
You headbutt the centaur warrior zombie.
You punch the centaur warrior zombie.
The centaur warrior zombie is severely damaged.
The centaur warrior zombie hits you!
* * * LOW HITPOINT WARNING * * *
The centaur warrior zombie kicks you but does no damage.
The centaur warrior zombie barely misses you.
The centaur warrior zombie misses you.
You hit the centaur warrior zombie. You claw the centaur warrior zombie.
You headbutt the centaur warrior zombie.
The centaur warrior zombie is severely damaged.
The centaur warrior zombie hits you.
* * * LOW HITPOINT WARNING * * *
The centaur warrior zombie kicks you.
* * * LOW HITPOINT WARNING * * *
It was a potion of haste.
You feel yourself speed up.
The centaur warrior zombie barely misses you.
The centaur warrior zombie closely misses you.
Your talons disappear.
Aiming: Iceblast
Press: ? - help, Shift-Dir - straight line, p - centaur warrior zombie The mass of ice explodes!
The iceblast engulfs the centaur warrior zombie.
The centaur warrior zombie partially resists.
The centaur warrior zombie is almost destroyed.
The centaur warrior zombie hits you.
You die...
Your body disappears without a glow.

# # #. .. # #.# (#
#... .# .#.### (#
.#..# .# #.#.# .#
#.########.#.#####.#
#[......)).@Z......#
#########.....######
#..#..# #..#[.#
#..#..# #..#..#
#..#..# #..#..#
##############..#..#


You could see a centaur warrior zombie.

Vanquished Creatures
  A phantom (D:4)
  A scorpion (D:4)
  A water moccasin skeleton (D:4)
  4 killer bees (D:4)
  A hound (D:3)
  Jessica (D:2)
  Ijyb (D:4)
  Natasha (twice) (D:4)
  An orc wizard (D:3)
  A hound zombie (D:3)
  A hound skeleton (D:2)
  3 gnolls (D:5)
  6 adders
  A dart slug (D:2)
  2 orcs (D:3)
  3 endoplasms
  4 giant cockroaches (D:1)
  9 goblins
  7 hobgoblins
  2 jackals (D:4)
  4 kobolds
  5 quokkas
  3 ball pythons
  6 bats (D:1)
  4 frilled lizards
  4 rats
78 creatures vanquished.

Notes
Turn   | Place    | Note
-------+----------+-------------------------------------------
     0 | D:1      | porpoise the Demonspawn Transmuter began the quest for the
                  | Orb.
     0 | D:1      | Reached XP level 1. HP: 15/15 MP: 3/3
   268 | D:1      | Gained mutation: You may rarely emit foul miasma when
                  | damaged in melee. [demonic ancestry]
   268 | D:1      | Reached XP level 2. HP: 20/21 MP: 5/5
   628 | D:1      | You fall into a shaft and drop 1 floor!
   715 | D:2      | Mutation became permanent: You have a pair of small horns
                  | on your head. [demonic ancestry]
   715 | D:2      | Gained mutation: You have a pair of horns on your head.
                  | [demonic ancestry]
   715 | D:2      | Reached XP level 3. HP: 27/27 MP: 4/6
   910 | D:2      | Noticed Jessica
   926 | D:2      | Killed Jessica
   927 | D:2      | Reached XP level 4. HP: 15/34 MP: 5/7
  2327 | D:3      | Found a faded altar of an unknown god.
  2779 | D:3      | Reached XP level 5. HP: 35/41 MP: 6/8
  3772 | D:4      | Noticed a phantom
  3781 | D:4      | Noticed Ijyb
  3785 | D:4      | Killed a phantom
  3809 | D:3      | Reached XP level 6. HP: 9/49 MP: 7/9
  4238 | D:4      | Killed Ijyb
  4385 | D:4      | Reached skill level 5 in Unarmed Combat
  4642 | D:4      | Reached skill level 5 in Fighting
  4722 | D:4      | Reached skill level 1 in Stealth
  4725 | D:4      | Gained mutation: You have a pair of horns on your head.
                  | [demonic ancestry]
  4725 | D:4      | Reached XP level 7. HP: 18/56 MP: 8/10
  4998 | D:4      | Noticed Natasha
  5008 | D:4      | Killed Natasha
  5560 | D:4      | Noticed Natasha
  5567 | D:4      | Killed Natasha
  6083 | D:5      | Entered Level 5 of the Dungeon
  6083 | D:5      | Found a staircase to the Ecumenical Temple.
  6092 | Temple   | Entered the Ecumenical Temple
  6217 | Temple   | Became a worshipper of Nemelex Xobeh the Trickster
  6615 | D:5      | Learned a level 2 spell: Wereblood
  6646 | D:5      | HP: 2/56 [centaur warrior zombie (1)]
  6654 | D:5      | Slain by a centaur warrior zombie

Illustrated notes

Levels and vault maps discovered:
D:1:      giann_wishing_wells, layout_basic, minmay_misc_feat_four_crosses
D:2:      layout_basic, uniq_jessica
D:3:      layout_basic, shapermc_ecumenical_altar_notcrosses
D:4:      layout_layer_cave, zin_statuary, uniq_ijyb, uniq_natasha
D:5:      layout_loops_ring, minmay_temple_entry_overgrown
Temple:   nicolae_temple_elliptical

Skill      XL: |  1  2  3  4  5  6 |
---------------+-------------------+-----
Unarmed Combat | 3 4 5 |  5.7
Fighting       | 2 3 4 5 |  5.5
Stealth        | 1 |  1.5
Dodging        | |  1.7
Spellcasting   | |  2.0
Transmutations | |  1.7
Invocations    | |  0.3

Action                   |  1- 3 |  4- 6 |  7- 9 || total
-------------------------+-------+-------+-------++-------
Melee: Unarmed           |    57 |   150 |    32 ||   239
       Kick              |    12 |    33 |    15 ||    60
       Headbutt          |     6 |    17 |     9 ||    32
       Punch             |     3 |     2 |     1 ||     6
Throw: Stone             |     2 |    16 |     4 ||    22
       Dart              |       |    16 |     4 ||    20
 Cast: Beastly Appendage |    14 |    33 |     5 ||    52
Evoke: Wand              |       |       |     2 ||     2
  Use: Potion            |       |     2 |     1 ||     3
       Scroll            |       |     3 |       ||     3
 Stab: Sleeping          |       |     3 |       ||     3
Armor: Robe              |    13 |    26 |    10 ||    49
Dodge: Dodged            |    28 |    98 |    21 ||   147

Table legend: (Time is in decaauts)
 A = Elapsed time spent in this place.
 B = Non-inter-level travel time spent in this place.
 C = Inter-level travel time spent in this place.
 D = Time resting spent in this place.
 E = Time spent auto-exploring this place.
 F = Levels seen in this place.
 G = Mean time per level.
                   A        B        C        D        E       F      G
               +--------+--------+--------+--------+--------+-----+--------+
         Total |   6652 |   6330 |    322 |   2255 |   3199 |   6 | 1108.7 |
       Dungeon |   6507 |   6205 |    302 |   2255 |   3106 |   5 | 1301.4 |
        Temple |    145 |    125 |     20 |      0 |     93 |   1 |  145.0 |
               +--------+--------+--------+--------+--------+-----+--------+

Top non-repeatable levels by time:
     D:4: 2017 daAuts
     D:3: 1600 daAuts
     D:2: 1457 daAuts
     D:1: 1010 daAuts
     D:5: 422 daAuts
  Temple: 145 daAuts
